 Dungeon Crawl Stone Soup version 0.27.1-2-g3b301248ec (webtiles) character file.

Game seed: 13258846487672758941

70186 Borgoz the Fighter (level 15, -16/101 HPs)
             Began as a Gargoyle Berserker on Sept 27, 2021.
             Was a High Priest of Trog.
             Demolished by a wolf spider simulacrum (27 damage)
             ... on level 13 of the Dungeon.
             The game lasted 00:31:32 (23042 turns).

Borgoz the Fighter (Gargoyle Berserker)            Turns: 23042, Time: 00:31:34

Health: -16/101    AC: 31    Str: 26    XL:     15   Next: 32%
Magic:  15/15      EV: 14    Int: 13    God:    Trog [*****.]
Gold:   1599       SH:  5    Dex:  9    Spells: 14/14 levels left

rFire    + . .     SeeInvis .   a - +5 dire flail (vorpal)
rCold    . . .     Faith    .   (shield currently unavailable)
rNeg     + . .     Spirit   .   P - +3 ring mail {rF+}
rPois    ∞         Reflect  +   M - +2 hat
rElec    +         Harm     .   (no cloak)
rCorr    .         Rampage  .   R - +2 pair of gloves
Will     +....                  K - +2 pair of boots
Stlth    ..........             I - amulet of Rurusucy {Reflect Int+4 SH+5}
HPRegen  0.26/turn              q - +4 ring of slaying
MPRegen  0.14/turn              O - +4 ring of slaying

@: about to teleport, flying
A: sickness immunity, AC +11, big wings, negative energy resistance 1,
electricity resistance, torment resistance 1, petrification resistance
a: Renounce Religion, Berserk, Trog's Hand, Brothers in Arms


You were on level 13 of the Dungeon.
You worshipped Trog.
Trog was extremely pleased with you.
You visited 2 branches of the dungeon, and saw 19 of its levels.

You collected 1599 gold pieces.

Inventory:

Hand Weapons
 a - a +5 vorpal dire flail (weapon)
 b - a +6 vorpal great mace
Armour
 K - a +2 pair of boots (worn)
 M - a +2 hat (worn)
 P - a +3 ring mail of fire resistance (worn)
 R - a +2 pair of gloves (worn)
Jewellery
 e - a ring of positive energy
 h - a ring of willpower
 q - a +4 ring of slaying (left hand)
 w - a +6 ring of strength
 C - a ring of ice
 E - a ring of protection from fire
 G - a ring of see invisible
 I - the amulet of Rurusucy (around neck) {Reflect Int+4 SH+5}
   (You found it on level 10 of the Dungeon)

   [amulet of reflection]

   It reflects blocked missile attacks.
   Int:       It affects your intelligence (+4).
   SH:        It affects your SH (+5).
 O - a +4 ring of slaying (right hand)
Wands
 l - a wand of acid (21)
 r - a wand of digging (19)
 s - a wand of paralysis (16)
 y - a wand of flame (47)
 L - a wand of iceblast (30)
Scrolls
 c - 8 scrolls of enchant weapon
 d - 7 scrolls of teleportation
 k - 4 scrolls of enchant armour
 n - 4 scrolls of magic mapping
 t - a scroll of identify
 v - 2 scrolls of fear
 D - a scroll of summoning
 Q - 2 scrolls of fog
Potions
 f - 3 potions of might
 g - a potion of cancellation
 i - 6 potions of heal wounds {unknown}
 j - a potion of ambrosia
 m - 7 potions of mutation
 o - 7 potions of degeneration {unknown}
 p - 4 potions of attraction
 x - 2 potions of haste
 z - 5 potions of curing
 A - 4 potions of brilliance {unknown}
 B - a potion of berserk rage
 J - a potion of resistance


   Skills:
 + Level 14.3 Fighting
 * Level 13.6 Maces & Flails
 + Level 14.1 Armour
 + Level 11.3 Dodging
 - Level 4.0 Shields


You had 14 spell levels left.
You didn't know any spells.
Your spell library was empty.

Dungeon Overview and Level Annotations

Branches:
Dungeon (13/15)            Temple (0/1) D:4            Lair (6/6) D:10
  Swamp (0/4) Lair:3       Spider (0/4) Lair:4        Slime (0/5) Lair:6
    Orc (0/2) D:12
 Vaults: D:13-14

Altars:
Fedhas
Gozag
Hepliaklqana
Kikubaaqudgha
Okawaru
Ru
Uskayaw
Vehumet
Wu Jian
Yredelemnul
Jiyva

Shops:
D:1 :   D:6 :   D:8 *   D:10 *


Innate Abilities, Weirdness & Mutations

You are immune to sickness and miasma.
Your stone body is resilient. (AC +11)
You are immune to poison.
Your large and strong wings let you fly.
You resist negative energy. (rN+)
You are resistant to electric shocks. (rElec)
You are resistant to unholy torment.
You are immune to petrification.


Message History

The phantasmal warrior is severely damaged.
The phantasmal warrior closely misses you.
You puncture the phantasmal warrior!
The phantasmal warrior is almost destroyed.
The phantasmal warrior hits you!!
You bludgeon the phantasmal warrior!!
You destroy the phantasmal warrior!
Trog accepts your kill.
No target in view!
No target in view!
You start resting.
A wolf spider simulacrum comes into view.
A wolf spider simulacrum is nearby!
A wolf spider simulacrum is nearby!
A wolf spider simulacrum is nearby!
A deep elf high priest comes into view.
It is wielding a +0 short sword and wearing the +1 scale mail of Hide-and-Seek {+Blink rF+++ rN+ Stlth-}.
The wolf spider simulacrum completely misses you.
The wolf spider simulacrum closely misses you.
The deep elf high priest invokes the aid of its god against you.
Something smites you!
You hear a shout! x2
You barely miss the wolf spider simulacrum.
You hear a howl!
You block the wolf spider simulacrum's attack. x2
Your ring mail prevents you from hitting the wolf spider simulacrum.
The wolf spider simulacrum barely misses you.
The wolf spider simulacrum bites you but does no damage.
You hit the wolf spider simulacrum.
The wolf spider simulacrum is lightly damaged.
The wolf spider simulacrum hits you but does no damage.
The wolf spider simulacrum bites you.
The wolf spider simulacrum freezes you!!
* * * LOW HITPOINT WARNING * * *
You are too injured to fight recklessly!
You are too injured to fight recklessly!
As you read the scroll of teleportation, it crumbles to dust.
You feel strangely unstable. The wolf spider simulacrum hits you!
* * * LOW HITPOINT WARNING * * *
The wolf spider simulacrum freezes you!!
You die...

#..##.............## ##
...#.....#...#.....#...#
...#...#########...#...#
#..#..## #(#.#.#.# ..
#...# #.### . ##..#
#...# ##)# #.#.# . ##.)#
#...# .. #..)# #@###
#..#..## #Z# ...#...#
#.e ...#..)# ....
.#####(# ...## .#####)#
...## .. #?..# #### .#
###.# .. .#####.#


You could see a deep elf high priest and a wolf spider simulacrum.

Vanquished Creatures
  A sphinx (D:13)
  A stone giant (D:13)
  An ice dragon (Lair:6)
  3 centaur warriors (D:13)
  3 boulder beetles
  7 hydras
  A two-headed ogre (D:11)
  An alligator (Lair:6)
  Nergalle (Lair:2)
  The ghost of MisterFreud the Spry, a journeyman FeBe of Trog (Lair:4)
  The ghost of MisterFreud the Nimble, a novice FeBe of Trog (Lair:2)
  A phantasmal warrior (D:13)
  2 lindwurms
  2 deep elf pyromancers (D:12)
  An orc knight (D:13)
  A cyclops (D:13)
  4 manticores
  18 elephants
  2 black mambas
  Joseph (D:7)
  11 cane toads
  5 torpor snails (Lair:6)
  A rime drake (Lair:6)
  A freezing wraith (D:13)
  7 komodo dragons
  2 trolls
  A tengu conjurer (D:13)
  A meliai (D:13)
  4 tyrant leeches (Lair:6)
  11 polar bears
  7 hornets (Lair:6)
  4 raiju (Lair:6)
  A blink frog (shapeshifter) (D:13)
  13 blink frogs
  4 slime creatures (D:13)
  Sigmund (D:6)
  2 wraiths
  5 wyverns
  2 vampires
  Eustachio (D:4)
  2 shadows
  42 yaks
  4 fire bats (D:9)
  A spectral komodo dragon (Lair:4)
  9 vampire mosquitoes
  3 steam dragons
  2 death yak simulacra (Lair:4)
  A spectral cane toad (Lair:4)
  4 wargs (Lair:6)
  The ghost of Borgoz the Skirmisher, an amateur GrBe of Trog (D:4)
  3 acid dragons
  10 water moccasins
  10 hell hounds
  2 swamp worms (Lair:3)
  12 orc warriors
  3 sky beasts
  4 ice beasts
  9 black bears (Lair:6)
  2 necrophages
  2 black mamba simulacra (Lair:4)
  8 ogres
  11 centaurs
  19 wolves
  3 boggarts (D:12)
  2 phantoms
  9 kobold brigands
  9 bullfrogs
  5 gnoll sergeants (D:12)
  3 scorpions
  2 wyvern zombies (D:8)
  A water moccasin skeleton (D:5)
  11 killer bees
  8 wights
  A howler monkey (D:13)
  An electric eel (D:10)
  A torpor snail simulacrum (Lair:4)
  2 lava snakes (D:9)
  3 centaur zombies
  A bullfrog zombie (D:5)
  2 jellies
  3 bullfrog skeletons
  3 orc priests
  3 iguanas
  6 orc wizards
  7 hell rats (Lair:2)
  A bullfrog simulacrum (D:4)
  2 centaur simulacra (D:10)
  2 howler monkey zombies
  4 gnolls (D:12)
  6 adders
  A howler monkey skeleton (D:5)
  12 river rats (Lair:2)
  A hound simulacrum (D:4)
  A howler monkey simulacrum (D:10)
  3 white imps (D:10)
  2 ufetubi
  An adder skeleton (D:5)
  8 worms
  3 dart slugs
  3 adder simulacra (D:4)
  35 orcs
  6 bats
  4 endoplasms
  3 giant cockroaches
  10 goblins
  6 hobgoblins
  A jackal (D:5)
  31 kobolds
  6 quokkas
  8 ball pythons
  4 frilled lizards
  13 rats
564 creatures vanquished.

Vanquished Creatures (collateral kills)
  Gastronok (D:9)
  A hydra (Lair:6)
  6 polar bears (Lair:6)
  2 wargs (Lair:6)
  2 hell hounds (Lair:6)
  2 black bears (Lair:6)
  A wolf (Lair:6)
15 creatures vanquished.

Vanquished Creatures (others)
  A bullfrog (D:6)
  3 fire vortices (D:9)
  17 fungi
  50 plants
71 creatures vanquished.

Grand Total: 650 creatures vanquished

Notes
Turn   | Place    | Note
-------+----------+-------------------------------------------
     0 | D:1      | Borgoz the Gargoyle Berserker began the quest for the Orb.
     0 | D:1      | Reached XP level 1. HP: 14/14 MP: 1/1
   150 | D:1      | Reached XP level 2. HP: 17/19 MP: 2/2
   739 | D:1      | Reached XP level 3. HP: 19/23 MP: 3/3
   880 | D:1      | Found Geequnar's Book Shop.
   887 | D:1      | Reached ** piety under Trog
  1620 | D:2      | Reached XP level 4. HP: 29/29 MP: 4/4
  2468 | D:3      | Found a basalt altar of Yredelemnul.
  2507 | D:3      | Found an iron altar of Okawaru.
  2521 | D:3      | Noticed a sky beast
  2535 | D:3      | Killed a sky beast
  2536 | D:3      | Reached XP level 5. HP: 29/34 MP: 5/5
  3105 | D:4      | Found a staircase to the Ecumenical Temple.
  3106 | D:4      | Noticed a +0 dagger
  3253 | D:4      | Found a runed translucent gate.
  3253 | D:4      | Found a runed translucent gate.
  3253 | D:4      | Found a runed translucent gate.
  3460 | D:4      | Noticed a +0 hand axe
  3461 | D:4      | Found a hide-covered altar of Uskayaw.
  3481 | D:4      | Noticed Borgoz's ghost (amateur GrBe)
  3481 | D:4      | Noticed an ice beast
  3533 | D:4      | Noticed Eustachio
  3550 | D:4      | Killed Eustachio
  3551 | D:4      | Reached XP level 6. HP: 40/40 MP: 6/6
  3636 | D:4      | Reached *** piety under Trog
  3641 | D:4      | Reached skill level 5 in Fighting
  3706 | D:4      | Found a blossoming altar of Fedhas.
  3805 | D:4      | Reached XP level 7. HP: 29/44 MP: 7/7
  4068 | D:4      | Killed Borgoz's ghost
  4188 | D:5      | Entered Level 5 of the Dungeon
  4206 | D:5      | Reached skill level 5 in Maces & Flails
  4285 | D:5      | Reached skill level 5 in Armour
  4399 | D:5      | Reached skill level 1 in Shields
  4421 | D:5      | Reached XP level 8. HP: 40/51 MP: 8/8
  4667 | D:5      | Noticed a wyvern
  4668 | D:5      | Noticed a yak
  4685 | D:5      | Killed a wyvern
  4694 | D:5      | Killed a yak
  5014 | D:5      | Reached XP level 9. HP: 56/56 MP: 9/9
  5061 | D:5      | Found an ancient bone altar of Kikubaaqudgha.
  5758 | D:6      | Reached skill level 5 in Dodging
  6002 | D:6      | Found a hazy altar of Hepliaklqana.
  6100 | D:6      | Found Mias's Book Shoppe.
  6181 | D:6      | Noticed Sigmund
  6192 | D:6      | Killed Sigmund
  6901 | D:7      | Found a sacrificial altar of Ru.
  7060 | D:7      | Reached **** piety under Trog
  7134 | D:7      | Reached XP level 10. HP: 49/64 MP: 10/10
  7403 | D:7      | Noticed Joseph
  7406 | D:7      | Paralysed by Joseph for 6 turns
  7421 | D:7      | Killed Joseph
  8309 | D:8      | Found Ucsiczicya's Overcharged Wands.
  8783 | D:9      | Noticed Gastronok
  8810 | D:9      | Killed Gastronok
  8811 | D:9      | Reached XP level 11. HP: 32/71 MP: 11/11
  8988 | D:9      | Found an opulent altar of Gozag.
  9986 | D:10     | Entered Level 10 of the Dungeon
  9986 | D:10     | Found a staircase to the Lair.
 10096 | D:10     | Reached ***** piety under Trog
 10140 | D:10     | Reached skill level 10 in Fighting
 10259 | D:10     | Found a radiant altar of Vehumet.
 10539 | D:10     | You fall into a shaft and drop 1 floor!
 10685 | D:11     | Noticed a boulder beetle
 10704 | D:11     | Killed a boulder beetle
 10764 | D:11     | Reached skill level 10 in Armour
 11095 | D:11     | Received a gift from Trog
 11602 | D:11     | Noticed a two-headed ogre
 11607 | D:11     | Killed a two-headed ogre
 11608 | D:11     | Reached XP level 12. HP: 79/79 MP: 12/12
 11735 | Lair:1   | Entered Level 1 of the Lair of Beasts
 11925 | Lair:1   | Reached skill level 10 in Maces & Flails
 12753 | Lair:2   | Noticed Nergalle
 12765 | Lair:2   | Killed Nergalle
 13088 | Lair:2   | Found a runed translucent gate.
 13089 | Lair:2   | Found a runed translucent gate.
 13090 | Lair:2   | Found a runed translucent gate.
 13214 | Lair:2   | Noticed MisterFreud's ghost (novice FeBe)
 13800 | Lair:2   | Killed MisterFreud's ghost
 14321 | Lair:3   | Noticed a six-headed hydra
 14331 | Lair:3   | Killed a six-headed hydra
 14355 | Lair:3   | Noticed an eight-headed hydra
 14407 | Lair:3   | Killed an eight-headed hydra
 14911 | Lair:3   | Found a staircase to the Swamp.
 15098 | Lair:4   | Reached XP level 13. HP: 72/85 MP: 13/13
 15543 | Lair:4   | Found a runed translucent gate.
 15559 | Lair:4   | Found a hole to the Spider Nest.
 15922 | Lair:4   | Found a runed translucent gate.
 15923 | Lair:4   | Found a runed translucent gate.
 16048 | Lair:4   | Noticed MisterFreud's ghost (journeyman FeBe)
 16075 | Lair:4   | Killed MisterFreud's ghost
 16090 | Lair:4   | Received a gift from Trog
 17150 | D:10     | Identified the amulet of Rurusucy {Reflect Int+4 SH+5}
 17586 | D:10     | Found Reodgh's CLEARANCE SALE! EVERYTHING MUST GO!.
 17876 | Lair:6   | Entered Level 6 of the Lair of Beasts
 17935 | Lair:6   | Reached skill level 10 in Dodging
 18533 | Lair:6   | Gained mutation: Your large and strong wings let you fly.
                  | [Gargoyle growth]
 18533 | Lair:6   | Reached XP level 14. HP: 89/94 MP: 14/14
 18602 | Lair:6   | Found a viscous altar of Jiyva.
 18602 | Lair:6   | Found a staircase to the Slime Pits.
 19054 | Lair:6   | Reached ****** piety under Trog
 19324 | Lair:6   | Received a gift from Trog
 19806 | Lair:6   | Found an ornate altar of the Wu Jian Council.
 20171 | Lair:6   | Found a runed translucent door.
 21321 | D:12     | Found a staircase to the Orcish Mines.
 21342 | D:12     | Received a gift from Trog
 22097 | D:13     | Reached XP level 15. HP: 100/100 MP: 15/15
 23013 | D:13     | Noticed a sphinx
 23025 | D:13     | Killed a sphinx
 23037 | D:13     | Identified the +1 scale mail of Hide-and-Seek {+Blink rF+++
                  | rN+ Stlth-}
 23042 | D:13     | Demolished by a wolf spider simulacrum

Illustrated notes

Levels and vault maps discovered:
D:1:      scummos_arrival_gate, layout_rooms, serial_shops, nicolae_shop_trees
D:2:      minmay_angry_zag, layout_basic, feat_on_display
D:3:      layout_loops_corners, okawaru_metal_pillars_1_2,
          mainiacjoe_overflow_alcove_2
D:4:      layout_cave_pools, dancing_weapons_uskayaw,
          mainiacjoe_overflow_six_doors_small, minmay_temple_entry_glassed_door,
          gammafunk_ghost_icy, grunt_ministairs_1, uniq_eustachio
D:5:      layout_loops_cross, kiku_gazebo_pond_becter, minmay_divided_ellipse
D:6:      layout_loops_ring, nicolae_hepliaklqana_hippocampus, serial_shops,
          nicolae_shop_trees, cheibrodos_sewer_entry_bend,
          roderic_serpentine_path, uniq_sigmund
D:7:      layout_rooms, mainiacjoe_overflow_tiny_flanked, nicolae_benzene_ring,
          uniq_joseph
D:8:      layout_basic, nicolae_shop_overcharged_wands
D:9:      layout_cave_pools, old_standard_altar, hangedman_incinerator,
          uniq_gastronok
D:10:     layout_loops_ring, vehumet_crystals, lair_entry_dummy, serial_ice,
          serial_ice_k, serial_ice_b, serial_ice_m, serial_ice_g,
          nicolae_shop_clearance
D:11:     layout_irregular_city
D:12:     layout_long_grid, kennysheep_orc_monster_closet_entryway
D:13:     minmay_tile_spiral, layout_basic
Lair:1:   layout_cave_shapes
Lair:2:   lemuel_ratsnest, layout_hall_layers, ebering_ghost_rock_garden,
          lemuel_fruit_fields, uniq_nergalle
Lair:3:   layout_regular_city, palyth_hydra_swamp_entry,
          infiniplex_staircase_pool_2
Lair:4:   layout_loops_ring, spider_nest_entry_web_field,
          gammafunk_ghost_necromancy
Lair:5:   layout_roguey, chequers_serial_rivers_micro_a, serial_bayou_shore_a
Lair:6:   wormcave, layout_regular_city, hangedman_lair_caniforms_friends,
          dpeg_slime_entry_enclosed_altar, basic_altar

Skill      XL: |  1  2  3  4  5  6  7  8  9 10 11 12 13 14 15 |
---------------+----------------------------------------------+-----
Dodging        | 2 3 4 5 7 8 9 10 11 | 11.3
Armour         | 3 4 5 6 7 9 10 11 12 13 14 | 14.1
Fighting       | 4 5 6 8 9 10 11 13 14 | 14.3
Maces & Flails | 4 5 6 7 8 9 10 12 13 | 13.6
Shields        | 1 3 4 |  4.0

Action                   |  1- 3 |  4- 6 |  7- 9 | 10-12 | 13-15 || total
-------------------------+-------+-------+-------+-------+-------++-------
Melee: Mace              |   126 |   109 |       |       |       ||   235
       Whip              |       |    28 |   395 |   527 |       ||   950
       Dire flail        |       |       |       |   316 |   752 ||  1068
Invok: Berserk           |     3 |     3 |     8 |    19 |    10 ||    43
       Trog's Hand       |       |       |     2 |     4 |     3 ||     9
       Brothers in Arms  |       |       |       |     1 |     1 ||     2
Evoke: Wand              |       |       |       |     2 |       ||     2
  Use: Scroll            |       |       |       |    21 |     5 ||    26
 Stab: Distracted        |       |       |       |     1 |       ||     1
Armor: Animal skin       |    60 |     2 |       |       |       ||    62
       Ring mail         |       |    64 |    60 |   102 |   386 ||   612
       Plate armour      |       |       |   117 |    75 |       ||   192
       Acid dragon scale |       |       |       |   215 |       ||   215
Dodge: Dodged            |   107 |    84 |   125 |   349 |   438 ||  1103
Block: Buckler           |       |       |    52 |   197 |       ||   249
       Reflection        |       |       |       |    12 |     6 ||    18
       Other             |       |       |       |    71 |   148 ||   219
